 Dungeon Sprint DCSS version 0.27-a0-1359-ga2a4dfd6fd (webtiles) character file.

Game seed: 2752226704738189038

44 mhtbhm the Magician (level 3, -4/19 HPs)
             Began as a Deep Elf Earth Elementalist on June 28, 2021.
             Was a Believer of Vehumet.
             Slain by Edmund (8 damage)
             ... in the Dungeon (Sprint VII: "The Pits").
             The game lasted 00:01:03 (390 turns).

mhtbhm the Magician (Deep Elf Earth Elementalist)    Turns: 390, Time: 00:01:04

Health: -4/19      AC:  2    Str:  5    XL:     3   Next: 39%
Magic:  0/12       EV: 13    Int: 20    God:    Vehumet [**....]
Gold:   0          SH:  0    Dex: 15    Spells: 8/14 levels left

rFire    . . .     SeeInvis .   l - +2 mace (holy)
rCold    . . .     Faith    .   (no shield)
rNeg     . . .     Spirit   .   b - +0 robe
rPois    .         Reflect  .   (no helmet)
rElec    .         Harm     .   (no cloak)
rCorr    .         Rampage  .   (no gloves)
Will     .....     NoTele   +   (no boots)
Stlth    +++.......             (no amulet)
HPRegen  0.06/turn              (no ring)
MPRegen  0.13/turn              (no ring)

@: no status effects
A: no striking features
a: Renounce Religion


You were in the Dungeon.
You worshipped Vehumet.
Vehumet was pleased with you.
You visited 1 branch

Inventory:

Hand Weapons
 l - a +2 mace of holy wrath (weapon)
Missiles
 i - 21 stones
Armour
 b - a +0 robe (worn)
Scrolls
 h - a scroll of blinking
 j - 5 scrolls of amnesia
 k - a scroll of summoning
Potions
 a - 2 potions of invisibility
 e - a potion of haste
 f - 4 potions of magic
 g - 3 potions of berserk rage


   Skills:
 + Level 3.2 Dodging
 + Level 3.9 Stealth
 + Level 6.2 Spellcasting
 + Level 1.2 Transmutations
 + Level 5.7 Earth Magic


You had 8 spell levels left.
You knew the following spells:

 Your Spells              Type           Power      Damage    Failure   Level
a - Sandblast             Erth           58%        2d13      1%          1
b - Passwall              Tmut/Erth      16%        N/A       3%          2
c - Stone Arrow           Conj/Erth      34%        3d9       10%         3

Your spell library contained the following spells:

 Spells                   Type           Power      Damage    Failure   Level
 Shock                    Conj/Air       24%        1d4       11%         1
 Petrify                  Tmut/Erth      20%        N/A       24%         4
 Lee's Rapid Deconstruct  Erth           14%        3d10*     26%         5


Dungeon Overview and Level Annotations

Branches:
Dungeon (1/1)

Altars:
Ashenzari
Cheibriados
Dithmenos
Elyvilon
Fedhas
Gozag
Hepliaklqana
Kikubaaqudgha
Makhleb
Nemelex Xobeh
Okawaru
Qazlal
Ru
Sif Muna
Trog
Uskayaw
Vehumet
Wu Jian
Xom
Yredelemnul
Zin
The Shining One
Beogh
Jiyva
Lugonu

Annotations:
D Edmund


Message History

The spell is extremely dangerous to cast (10% risk of failure)!
Continue anyway?
Aiming: Stone Arrow (extremely dangerous; 10% risk of failure)
Press: ? - help, Shift-Dir - straight line, f/p - Edmund
Aim: Edmund, wielding a +2 flail of venom and wearing a +0 scale mail (moderately wounded, 72% to hit)
The stone arrow misses Edmund.
A jackal comes into view.
Edmund barely misses you.
Casting: Stone Arrow (extremely dangerous; 10% risk of failure)
Confirm with . or Enter, or press ? or * to list all spells.
The spell is extremely dangerous to cast (10% risk of failure)!
Continue anyway?
Aiming: Stone Arrow (extremely dangerous; 10% risk of failure)
Press: ? - help, Shift-Dir - straight line, f/p - Edmund
Aim: Edmund, wielding a +2 flail of venom and wearing a +0 scale mail (moderately wounded, 72% to hit)
The stone arrow hits Edmund!
Edmund is heavily wounded.
Edmund hits you with a +2 flail of venom!
Ouch! That really hurt!
You are lethally poisoned!
Unknown command.
You feel better.
Edmund hits you with a +2 flail of venom!
* * * LOW HITPOINT WARNING * * *
Unknown command.
Casting: Stone Arrow (extremely dangerous; 10% risk of failure)
Confirm with . or Enter, or press ? or * to list all spells.
Aiming: Sandblast (safe; 1% risk of failure)
Press: ? - help, Shift-Dir - straight line, f/p - Edmund
Aim: Edmund, wielding a +2 flail of venom and wearing a +0 scale mail (heavily wounded, 83% to hit)
The blast of sand hits Edmund.
Edmund is heavily wounded.
Edmund barely misses you.
Unknown command.
Casting: Sandblast (safe; 1% risk of failure)
Confirm with . or Enter, or press ? or * to list all spells.
Aiming: Sandblast (safe; 1% risk of failure)
Press: ? - help, Shift-Dir - straight line, f/p - Edmund
Aim: Edmund, wielding a +2 flail of venom and wearing a +0 scale mail (heavily wounded, 83% to hit)
The blast of sand hits Edmund!
Edmund is severely wounded.
Edmund hits you with a +2 flail of venom!
You die...

#_________.#
#_______...##########
##########'##........
#.?..')))'.##......#.
##########.##........
#...........'........
#+#####'#####......#.
#.)#..#..##........
#.@)รท.)..#####'####
##@####+###.......#
.h. #.......# #....
#.......# #####+
#...<...# #.......#
#.......# #.......#
#########


You could see Edmund and a jackal.

Vanquished Creatures
  2 gnolls (D)
  A river rat (D)
  An adder (D)
  A bat zombie (D)
  A goblin (D)
  A hobgoblin (D)
  A jackal (D)
8 creatures vanquished.

Notes
Turn   | Place    | Note
-------+----------+-------------------------------------------
     0 | D        | mhtbhm the Deep Elf Earth Elementalist began the quest for
                  | the Orb.
     0 | D        | Reached XP level 1. HP: 10/10 MP: 6/6
    18 | D        | Found a bloodstained altar of Trog.
    18 | D        | Found a shimmering blue altar of Sif Muna.
    18 | D        | Found a viscous altar of Jiyva.
    18 | D        | Found a hazy altar of Hepliaklqana.
    18 | D        | Found an opulent altar of Gozag.
    19 | D        | Found a glowing golden altar of the Shining One.
    19 | D        | Found a glowing silver altar of Zin.
    19 | D        | Found a basalt altar of Yredelemnul.
    19 | D        | Found a shimmering altar of Xom.
    19 | D        | Found an ornate altar of the Wu Jian Council.
    19 | D        | Found a sacrificial altar of Ru.
    19 | D        | Found a stormy altar of Qazlal.
    19 | D        | Found an iron altar of Okawaru.
    19 | D        | Found a sparkling altar of Nemelex Xobeh.
    19 | D        | Found a burning altar of Makhleb.
    19 | D        | Found a blossoming altar of Fedhas.
    19 | D        | Found a white marble altar of Elyvilon.
    19 | D        | Found a shadowy altar of Dithmenos.
    19 | D        | Found a snail-covered altar of Cheibriados.
    21 | D        | Found a radiant altar of Vehumet.
    21 | D        | Found a corrupted altar of Lugonu.
    22 | D        | Found a hide-covered altar of Uskayaw.
    22 | D        | Found an ancient bone altar of Kikubaaqudgha.
    22 | D        | Found a broken altar of Ashenzari.
    29 | D        | Became a worshipper of Vehumet
    88 | D        | Reached skill level 4 in Spellcasting
    90 | D        | Reached * piety under Vehumet
    90 | D        | Offered knowledge of Foxfire by Vehumet.
    91 | D        | Reached XP level 2. HP: 5/15 MP: 2/9
   283 | D        | Learned a level 2 spell: Passwall
   294 | D        | Reached skill level 5 in Spellcasting
   294 | D        | Reached skill level 5 in Earth Magic
   295 | D        | Reached XP level 3. HP: 16/19 MP: 1/12
   346 | D        | Learned a level 3 spell: Stone Arrow
   383 | D        | Offered knowledge of Shock by Vehumet.
   383 | D        | Reached ** piety under Vehumet
   384 | D        | Noticed Edmund
   385 | D        | Reached skill level 6 in Spellcasting
   390 | D        | Slain by Edmund

Illustrated notes

Levels and vault maps discovered:
D:        pitsprint [storerooms_1, entrance_room_1, metal_vault_3, armoury_1,
          mini_pit_1, grid_room_1, main_hall_1, silver_pit, the_coven_3,
          the_vestibule_1, steel_vault_2, golden_pit, hallway_of_sentries,
          crystal_vault_4, iron_vault_3, final_vault]

Skill      XL: |  1  2  3 |
---------------+----------+-----
Stealth        | 3 |  3.9
Spellcasting   | 4 5 6 |  6.2
Earth Magic    | 4 5 |  5.7
Dodging        | 3 |  3.2
Transmutations | |  1.2

Action                   || total
-------------------------++-------
 Cast: Sandblast         ||    19
       Stone Arrow       ||     3
  Use: Potion            ||     2
Dodge: Dodged            ||     6

Table legend: (Time is in decaauts)
 A = Elapsed time spent in this place.
 B = Non-inter-level travel time spent in this place.
 C = Inter-level travel time spent in this place.
 D = Time resting spent in this place.
 E = Time spent auto-exploring this place.
 F = Levels seen in this place.
 G = Mean time per level.
                   A        B        C        D        E       F      G
               +--------+--------+--------+--------+--------+-----+--------+
         Total |    389 |    389 |      0 |    274 |      7 |   1 |  389.0 |
       Dungeon |    389 |    389 |      0 |    274 |      7 |   1 |  389.0 |
               +--------+--------+--------+--------+--------+-----+--------+

Top non-repeatable levels by time:
       D: 389 daAuts
